 Dungeon Crawl Stone Soup version 0.31-a0-977-gc230f8ef24 (webtiles) character file.

Game seed: 548051523343096829

6447 garrulousMonolith the Basher (level 10, -5/64 HPs)
             Began as a Gargoyle Fighter on Oct 30, 2023.
             Was an Elder of the Shining One.
             Slain by a very large slime creature (37 damage)
             ... on level 9 of the Dungeon.
             The game lasted 00:13:44 (9165 turns).

garrulousMonolith the Basher (Gargoyle Fighter)     Turns: 9165, Time: 00:13:45

Health: -5/64      AC: 20    Str: 21    XL:     10   Next: 99%
Magic:  15/15      EV:  4    Int: 12    God:    the Shining One [****..]
Gold:   377        SH: 13    Dex:  9    Spells: 9/9 levels left

rFire   . . .        A - +3 whip (elec)
rCold   . . .        t - +0 tower shield
rNeg    + + +        I - +0 plate armour
rPois   ∞            (helmet restricted)
rElec   +            N - scarf {repulsion}
rCorr   .            (no gloves)
SInv    .            (no boots)
Will    +....        (no amulet) Stlth
                     r - ring of willpower
HPRegen 0.30/turn    (no ring)
MPRegen 0.14/turn

%: repel missiles
@: glowing
A: sickness immunity, AC +7, negative energy resistance 1, electricity
resistance, torment resistance 1, petrification resistance, beak, talons 1
a: Renounce Religion, Divine Shield, Cleansing Flame


You were on level 9 of the Dungeon.
You worshipped the Shining One.
The Shining One was greatly pleased with you.
You visited 2 branches of the dungeon, and saw 10 of its levels.
You also visited: Ossuary.

You collected 392 gold pieces.
You spent 15 gold pieces at shops.

Inventory:

Hand Weapons
 A - a +3 whip of electrocution (weapon)
 C - a +4 flail
Missiles
 b - 11 javelins
 h - 8 poisoned darts
 q - 6 darts of dispersal
 v - a throwing net
Armour
 c - a +0 buckler
 p - a +1 helmet
 t - a +0 tower shield (worn)
 I - a +0 plate armour (worn)
 N - a scarf of repulsion (worn)
Magical Staves
 D - a staff of earth
Jewellery
 r - a ring of willpower (left hand)
Wands
 H - a wand of charming (10)
 O - a wand of polymorph (6)
Scrolls
 a - a scroll of immolation {unknown}
 e - 3 scrolls of enchant armour
 g - 2 scrolls of brand weapon {unknown}
 j - a scroll of revelation {unknown}
 k - a scroll of poison {unknown}
 n - 4 scrolls of teleportation
 o - 2 scrolls of noise
 s - a scroll of summoning
 u - 2 scrolls of blinking
 y - a scroll of enchant weapon
 z - a scroll of identify
 E - a scroll of fear {unknown}
 G - a scroll of torment {unknown}
 M - a scroll of amnesia {unknown}
 P - 3 scrolls of vulnerability {unknown}
Potions
 d - a potion of brilliance
 i - 2 potions of cancellation {unknown}
 l - 3 potions of curing
 m - a potion of lignification {unknown}
 w - 2 potions of attraction {unknown}
 x - 3 potions of mutation
 B - 2 potions of haste {unknown}
 F - a potion of invisibility {unknown}
 J - a potion of might
 K - a potion of magic {unknown}
 L - a potion of berserk rage {unknown}


   Skills:
 + Level 8.0 Fighting
 * Level 9.9 Maces & Flails
 + Level 8.1 Armour
 + Level 7.9 Shields
 + Level 7.0 Invocations


You had 9 spell levels left.
You didn't know any spells.
Your spell library contained the following spells:

 Spells                   Type           Power      Damage    Failure   Level
 Blink                    Tloc           0%         N/A       100%        2
 Ensorcelled Hibernation  Hex/Ice        0%         N/A       100%        2
 Jinxbite                 Hex            0%         N/A       100%        2
 Lesser Beckoning         Tloc           0%         N/A       100%        2
 Momentum Strike          Conj/Tloc      0%         3d8       100%        2
 Passwall                 Tmut/Erth      0%         N/A       100%        2
 Poisonous Vapours        Pois/Air       0%         N/A       100%        2
 Ignite Poison            Fire/Tmut/Pois 0%         N/A       100%        3
 Mephitic Cloud           Conj/Pois/Air  0%         N/A       100%        3
 Swiftness                Air            0%         N/A       100%        3
 Anguish                  Hex/Necr       0%         N/A       100%        4
 Sticky Flame             Conj/Fire      0%         2d3       100%        4
 Freezing Cloud           Conj/Ice/Air   0%         6-21      100%        5
 Ignition                 Fire           0%         3d3       100%        8


Dungeon Overview and Level Annotations

Branches:
Dungeon (9/15)             Temple (1/1) D:5         Ossuary (visited)
   Lair: D:8-11         Orc: D:9-12

Altars:
Ashenzari
Cheibriados
Dithmenos
Elyvilon
Fedhas
Gozag
Hepliaklqana
Makhleb
Nemelex Xobeh
Okawaru
Qazlal
Ru
Sif Muna
Trog
Vehumet
Wu Jian
Xom
Yredelemnul
Zin
The Shining One

Shops:
D:6 *

Annotations:
D:3 3 runed translucent doors, Shayle's ghost, amateur TeHs
D:5 1 runed translucent door, Gormless's ghost, novice HOMo


Innate Abilities, Weirdness & Mutations

You are immune to sickness and miasma.
Your stone body is resilient. (AC +7)
You are immune to poison.
You resist negative energy. (rN+)
You are resistant to electric shocks. (rElec)
You are resistant to unholy torment.
You are immune to petrification.
You have a beak for a mouth.
You have sharp toenails.


Message History

a +0 trident; a +0 orcbow; a +0 chain mail You whack the orc!
You kill the orc!
The orc hits your slime creature with a +0 club.
You block the orc priest's attack.
The orc priest hits your enormous slime creature but does no damage.
The orc priest hits your slime creature with a +0 hand axe.
Your slime creature hits the orc priest but does no damage.
Your enormous slime creature hits the orc priest!!!!
The orc priest dies!
The Shining One accepts your kill. The orc hits you but does no damage.
Your slime creature completely misses the orc.
An enormous slime creature splits.
Things that are here:
a +0 hand axe; a +0 scale mail; an orc corpse You block the orc's attack.
A large slime creature splits.
Your slime creature completely misses the orc.
You hit the orc. You claw the orc.
You kill the orc!
The slime creature is no longer charmed.
The large slime creature is no longer charmed.
The slime creature is no longer charmed. x2
You hit the large slime creature but do no damage.
Lightning courses through the large slime creature!
The large slime creature is moderately wounded.
Two slime creatures merge to form a very large slime creature.
You hit the very large slime creature.
Lightning courses through the very large slime creature!
You claw the very large slime creature, but do no damage.
You peck the very large slime creature, but do no damage.
The very large slime creature is moderately wounded.
The slime creature hits you but does no damage.
You block the slime creature's attack.
You whack the very large slime creature!
You claw the very large slime creature.
The very large slime creature is heavily wounded.
The very large slime creature hits you!!!
Ouch! That really hurt!
You die...

##########################
<......................)..
..##....##...#.J@.........
.............#.JJ.....#...
..............))).........
.###########'###'########'
.# ................... .#
................... .#
...................
.######################+
.......#


You could see a very large slime creature and 2 slime creatures.

Vanquished Creatures
  Pikel (D:5)
  2 trolls
  A wyvern (D:8)
  10 yaks
  Eustachio (D:4)
  A steam dragon (D:9)
  Menkaure (D:5)
  2 water moccasins
  2 orc warriors
  2 sky beasts
  An ice beast (D:7)
  An ogre (D:5)
  A lemure (D:5)
  4 centaurs
  An elf zombie (D:7)
  2 bullfrogs (D:8)
  A scorpion (D:5)
  4 wights (D:6)
  10 killer bees
  8 howler monkeys
  3 jellies
  A gnoll bouda (D:7)
  3 hounds
  4 orc priests
  2 human zombies
  2 sleepcaps
  2 human skeletons (D:7)
  2 iguanas (D:6)
  8 orc wizards
  3 mummies (Ossuary)
  Robin (D:2)
  13 gnolls
  8 adders
  3 white imps
  2 ufetubi (D:6)
  5 adder zombies (Ossuary)
  2 worms
  2 dart slugs (D:3)
  26 orcs
  2 endoplasms
  A giant cockroach (D:1)
  A gnoll zombie (Ossuary)
  13 goblins
  12 hobgoblins
  9 jackals
  4 kobolds
  2 quokkas
  4 ball pythons
  9 bats
  3 frilled lizards
  3 goblin zombies (Ossuary)
  2 hobgoblin zombies (Ossuary)
  2 kobold zombies (Ossuary)
  An orc skeleton (D:7)
  2 orc zombies
  2 quokka zombies (Ossuary)
  6 rats
  A rat zombie (Ossuary)
227 creatures vanquished.

Vanquished Creatures (collateral kills)
  A slime creature (D:9)
  An orc priest (D:9)
2 creatures vanquished.

Grand Total: 229 creatures vanquished

Notes
Turn   | Place    | Note
-------+----------+-------------------------------------------
     0 | D:1      | garrulousMonolith the Gargoyle Fighter began the quest for
                  | the Orb.
     0 | D:1      | Reached XP level 1. HP: 14/14 MP: 1/1
    49 | D:1      | Reached XP level 2. HP: 8/19 MP: 2/2
   200 | D:1      | Reached XP level 3. HP: 7/23 MP: 3/3
   201 | D:1      | Reached skill level 1 in Invocations
   702 | D:2      | Reached skill level 3 in Maces & Flails
   702 | D:2      | Reached XP level 4. HP: 8/29 MP: 3/5
   847 | D:2      | Noticed Robin
   873 | D:2      | Killed Robin
  1225 | D:2      | Reached XP level 5. HP: 33/33 MP: 6/6
  2020 | D:3      | Found a runed translucent gate.
  2020 | D:3      | Found a runed translucent gate.
  2020 | D:3      | Found a runed translucent gate.
  2022 | D:3      | Noticed Shayle's ghost (amateur TeHs)
  2022 | D:3      | Noticed a kobold brigand
  2118 | D:3      | Found a sparkling altar of Nemelex Xobeh.
  2244 | D:3      | Found a faded altar of an unknown god.
  2836 | D:4      | Reached XP level 6. HP: 38/38 MP: 7/7
  2851 | D:4      | Reached skill level 4 in Maces & Flails
  3424 | D:4      | Found a hazy altar of Hepliaklqana.
  3762 | D:5      | Entered Level 5 of the Dungeon
  3807 | D:5      | Found a shimmering altar of Xom.
  3822 | D:5      | Noticed Eustachio
  3836 | D:5      | Gained mutation: You have sharp toenails. [potion of
                  | mutation]
  3836 | D:5      | Gained mutation: You have a beak for a mouth. [potion of
                  | mutation]
  3971 | D:4      | Killed Eustachio
  3972 | D:4      | Reached XP level 7. HP: 30/44 MP: 9/9
  4150 | D:5      | Reached skill level 5 in Maces & Flails
  4174 | D:5      | Found a runed translucent door.
  4198 | D:5      | Found a glowing golden altar of the Shining One.
  4220 | D:5      | Found a staircase to the Ecumenical Temple.
  4228 | D:5      | Became a worshipper of the Shining One
  4253 | D:5      | Noticed Gormless's ghost (novice HOMo)
  4267 | D:5      | Noticed Menkaure
  4275 | D:5      | Killed Menkaure
  4344 | D:5      | Reached skill level 5 in Armour
  4367 | D:5      | Reached skill level 5 in Shields
  4367 | D:5      | Reached XP level 8. HP: 34/48 MP: 10/10
  4532 | D:5      | Reached skill level 5 in Fighting
  4618 | D:5      | Found a stormy altar of Qazlal.
  4729 | D:5      | Noticed Pikel
  4750 | D:5      | Killed Pikel
  4751 | D:5      | Reached skill level 6 in Maces & Flails
  5131 | D:6      | Reached XP level 9. HP: 34/55 MP: 12/12
  5138 | D:6      | Reached skill level 7 in Maces & Flails
  5206 | D:6      | Reached * piety under the Shining One
  5395 | D:6      | Found Osoczuiw's CLEARANCE SALE!.
  5425 | D:6      | Bought a potion of curing for 15 gold pieces
  5955 | Temple   | Entered the Ecumenical Temple
  6067 | D:7      | Reached skill level 5 in Invocations
  6466 | D:7      | Found a sand-covered staircase.
  6471 | Ossuary  | Entered an ossuary
  6471 | Ossuary  | Reached ** piety under the Shining One
  6606 | Ossuary  | Reached *** piety under the Shining One
  7031 | D:7      | Reached skill level 8 in Maces & Flails
  8029 | D:7      | Reached XP level 10. HP: 34/61 MP: 14/14
  8404 | D:8      | Reached skill level 9 in Maces & Flails
  8474 | D:8      | Reached **** piety under the Shining One
  9139 | D:9      | HP: 3/64 [slime creature (2)]
  9165 | D:9      | Slain by a very large slime creature

Illustrated notes

Levels and vault maps discovered:
D:1:      scummos_arrival_simple_fountains, layout_rooms
D:2:      cheibrodos_pilgrimage, layout_basic, kennysheep_generic_room_12,
          uniq_robin
D:3:      layout_loops_corners, nemelex_xobeh_ov_fountains_minmay,
          gammafunk_ghost_nasty_kobolds, ebering_ecumenical_altar_hall
D:4:      layout_basic, lemuel_crystal_altar, grunt_decor_clamped
D:5:      layout_basic, kennysheep_mini_moat, xom_butterflies,
          lemuel_crystal_altar, minmay_temple_entry_junction,
          ebering_ghost_sewer_d, uniq_pikel, uniq_eustachio, uniq_menkaure
D:6:      layout_loops_corners, nicolae_shop_clearance
D:7:      layout_basic, nicolae_ossuary_entry_catacombs, solitary_fountain,
          chequers_serial_rivers_room_b
D:8:      layout_basic
D:9:      layout_stronghold, enter_bailey_6, grunt_decor_one_mirror
Temple:   hellmonk_temple_two_chambers

Skill      XL: |  1  2  3  4  5  6  7  8  9 10 |
---------------+-------------------------------+-----
Invocations    | 1 2 3 4 5 7 |  7.0
Maces & Flails | 3 4 5 6 8 9 |  9.9
Armour         | 4 5 6 7 8 |  8.1
Shields        | 4 5 6 7 |  7.9
Fighting       | 4 5 6 8 |  8.0

Action                     |  1- 3 |  4- 6 |  7- 9 | 10-12 || total
---------------------------+-------+-------+-------+-------++-------
  Melee: Flail             |    86 |   242 |   244 |       ||   572
         Kick              |       |     1 |    88 |    77 ||   166
         Peck              |       |     1 |    65 |    43 ||   109
         Whip              |       |       |    27 |   169 ||   196
  Evoke: Wand              |       |       |       |     4 ||     4
    Use: Potion            |     1 |     3 |     3 |     4 ||    11
         Scroll            |       |     4 |     3 |     3 ||    10
 Armour: Scale mail        |    80 |       |       |       ||    80
         Chain mail        |    17 |   299 |   138 |       ||   454
         Plate armour      |       |       |   142 |   112 ||   254
  Dodge: Dodged            |    67 |    95 |    46 |    20 ||   228
         Repelled          |       |       |       |     1 ||     1
  Block: Buckler           |    20 |    48 |       |       ||    68
         Tower shield      |       |    84 |   246 |   103 ||   433

Table legend: (Time is in decaauts)
 A = Elapsed time spent in this place.
 B = Non-inter-level travel time spent in this place.
 C = Inter-level travel time spent in this place.
 D = Time resting spent in this place.
 E = Time spent auto-exploring this place.
 F = Levels seen in this place.
 G = Mean time per level.
                   A        B        C        D        E       F      G
               +--------+--------+--------+--------+--------+-----+--------+
         Total |   9340 |   8819 |    521 |   1502 |   5211 |  11 |  849.1 |
       Dungeon |   9008 |   8489 |    519 |   1356 |   5131 |   9 | 1000.9 |
        Temple |      1 |      0 |      1 |      0 |      0 |   1 |    1.0 |
       Ossuary |    330 |    330 |      0 |    146 |     80 |   1 |  330.0 |
               +--------+--------+--------+--------+--------+-----+--------+

Top non-repeatable levels by time:
     D:7: 1832 daAuts
     D:3: 1307 daAuts
     D:4: 1235 daAuts
     D:6: 1185 daAuts
     D:5: 997 daAuts
     D:2: 930 daAuts
     D:8: 661 daAuts
     D:1: 596 daAuts
 Ossuary: 330 daAuts
     D:9: 260 daAuts
  Temple: 1 daAuts
